 Dungeon Crawl Stone Soup version 0.17-a0-1596-g1e86911 (console) character file.

154572 Monkaria the Severer (level 17, -56/125 HPs)
             Began as a Deep Dwarf Berserker on July 28, 2015.
             Was a High Priest of Trog.
             Annihilated by a titanic slime creature (89 damage)
             ... on level 3 of the Swamp on July 29, 2015.
             The game lasted 01:58:12 (31305 turns).

Monkaria the Severer (Deep Dwarf Berserker)        Turns: 31305, Time: 01:58:12

Health: -56/125    AC: 22    Str: 29    XL:     17   Next: 6%
Magic:  7/7        EV: 25    Int:  6    God:    Trog [*****.]
Gold:   2408       SH:  0    Dex: 17    Spells: 0 memorised, 16 levels left

rFire  + . .     SeeInvis .     D - +1 falchion (vamp)
rCold  + . .     Clarity  .     F - +2 mottled dragon armour
rNeg   + + .     SustAt   .     (no shield)
rPois  +         Gourm    .     q - +1 helmet
rElec  +         Spirit   .     o - +0 cloak
rCorr  .         Warding  .     p - +2 pair of gloves {Str+3}
rMut   .         Stasis   .     t - +0 pair of boots of Winter {rN+}
MR     ++...                    S - amulet of Ocosun {+Rage rPois rF+ Str+3}
Stlth  ++++......               Z - +3 ring of evasion
                                X - ring of protection from cold

@: non-regenerating, very resistant to hostile enchantments, stealthy
A: damage resistance, recharge devices, thin skeletal structure 1, camouflage 2,
blurry vision 1, dopey 1, frail 2, negative energy resistance 1, sense
surroundings 2, shaggy fur 1, electricity resistance, slow healing 3, spit
poison 1, weak 1, subdued magic 1
a: Device Recharging, Spit Poison, Burn Spellbooks, Berserk, Trog's Hand,
Brothers in Arms, Renounce Religion, Evoke Berserk Rage


You were on level 3 of the Swamp.
You worshipped Trog.
Trog was extremely pleased with you.
You were not hungry.

You visited 6 branches of the dungeon, and saw 32 of its levels.

You collected 3477 gold pieces.
You spent 782 gold pieces at shops.

Inventory:

Hand weapons
 h - a +6 battleaxe of flaming
 D - a +1 vampiric falchion (weapon)
 R - a +0 blowgun
Missiles
 x - 14 javelins (quivered)
 B - 5 needles of paralysis
 L - 75 poisoned needles
 O - 2 steel tomahawks
 U - 8 javelins of penetration
Armour
 o - a +0 cloak (worn)
 p - a +2 pair of gloves of strength (worn)
 q - a +1 helmet (worn)
 t - the +0 pair of boots of Winter (worn) {rN+}
   (You found it on level 1 of the Snake Pit)

   It protects you from negative energy.
 F - a +2 mottled dragon armour (worn)
Rods
 k - a +2 rod of inaccuracy (14/14)
   (You found it on level 1 of the Lair of Beasts)
Jewellery
 a - an uncursed amulet of the gourmand
 s - an uncursed ring of see invisible
 A - an uncursed ring of protection from magic
 S - the amulet of Ocosun (around neck) {+Rage rPois rF+ Str+3}
   (You found it on level 7 of the Dungeon)

   [amulet of rage]

   It affects your strength (+3).
   It protects you from fire.
   It protects you from poison.
   It lets you go berserk.
 X - a ring of protection from cold (left hand)
 Z - a +3 ring of evasion (right hand)
Magical devices
 c - a wand of heal wounds (4)
 n - a wand of invisibility (1)
 r - a wand of paralysis (15)
 K - a wand of confusion (10)
 Q - a wand of teleportation (3)
 W - a wand of fire (5)
Scrolls
 b - a scroll of fog
 f - a scroll of blinking
 v - 4 scrolls of remove curse
 z - a scroll of fear
 E - 7 scrolls of teleportation
 H - a scroll of enchant armour
 P - 3 scrolls of magic mapping
Potions
 e - 2 potions of resistance
 i - 4 potions of agility
 j - 12 potions of curing
 l - 6 potions of haste
 m - 7 potions of lignification
 u - a potion of brilliance
 C - a potion of magic
 G - 2 potions of flight
 I - 2 potions of invisibility
 M - 4 potions of might
Books
 w - a Young Poisoner's Handbook

   Spells                             Type                      Level
   a - Sting                          Conjuration/Poison           1
   b - Cure Poison                    Poison                       2
   c - Mephitic Cloud                 Conjuration/Poison/Air       3
   d - Olgreb's Toxic Radiance        Poison                       4
   e - Venom Bolt                     Conjuration/Poison           5
   Trog disapproves of the use of such an item.
 J - a book of Debilitation

   Spells                             Type                      Level
   a - Corona                         Hexes                        1
   b - Slow                           Hexes                        2
   c - Gell's Gravitas                Hexes/Translocation          3
   d - Inner Flame                    Hexes/Fire                   3
   e - Cause Fear                     Hexes                        4
   f - Leda's Liquefaction            Hexes/Earth                  4
   Trog disapproves of the use of such an item.
Miscellaneous
 g - a fan of gales
 y - an ornate deck of wonders {drawn: 1}
Comestibles
 d - 21 bread rations
 N - 8 chunks of flesh


   Skills:
 - Level 11.0 Fighting
 - Level 20.0 Axes
 - Level 6.1 Throwing
 + Level 15.0 Armour
 - Level 14.1 Dodging
   Level 2.1 Shields
 - Level 11.0 Evocations


You had 16 spell levels left.
You didn't know any spells.

Dungeon Overview and Level Annotations

Branches:
Dungeon (15/15)            Temple (1/1) D:7            Lair (8/8) D:10
  Swamp (3/4) Lair:3        Snake (1/4) Lair:6        Slime (0/6) Lair:8
    Orc (4/4) D:12            Elf (0/3) Orc:3        Vaults (0/5) D:13
 Depths (0/5) D:15

Altars:
Ashenzari
Cheibriados
Dithmenos
Elyvilon
Fedhas
Gozag
Kikubaaqudgha
Makhleb
Nemelex Xobeh
Okawaru
Qazlal
Ru
Sif Muna
Trog
Vehumet
Xom
Yredelemnul
Zin
The Shining One
Beogh
Jiyva

Shops:
D:14 ?[!(   D:15 =   Orc:2 }   Orc:3 (   Orc:4 [(!%


Innate Abilities, Weirdness & Mutations

You are resistant to damage.
You can recharge devices by infusing magical energy.
You resist negative energy.
You passively map the area around you.
You do not heal naturally.
You have a somewhat thin skeletal structure (Dex +2, Stealth).
Your skin blends seamlessly with your surroundings (Stealth).
Scrolls take you a little longer to read.
You are dopey. (Int -2)
You are very frail (-20% HP).
You are covered in fur (AC +1).
You are resistant to electric shocks.
You can spit weak poison.
You are weak. (Str -2)
Your spells are a little easier to cast, but a little less powerful.


Message History

Unknown command.
You enter the shallow water.
Moving in this stuff is going to be slow.
The swamp worm misses you. The swamp worm completely misses you.
The blink frog blinks!
The swamp worm bites you but does no damage.
You enter the shallow water.
Moving in this stuff is going to be slow.
The swamp worm completely misses you.
You enter the shallow water.
Moving in this stuff is going to be slow.
The swamp worm completely misses you. The blink frog closely misses you.
The blink frog blinks!
You barely miss the titanic slime creature.
The titanic slime creature is lightly wounded.
The titanic slime creature completely misses you.
The titanic slime creature hits you!!!!
Ouch! That really hurt!
You die...

♣.≈..≈≈....<.≈.....
♣♣≈≈.≈.≈....≈.≈.♣...
♣.≈≈≈≈≈..≈≈≈.....≈.≈
♣≈≈≈≈≈♣(.≈≈≈≈♣....≈.
♣.≈≈§.§≈§≈...(.≈≈≈≈≈
♣♣≈§..[≈.≈......≈≈≈≈
♣♣JF♣≈≈≈....♣..≈≈≈≈
♣♣♣J♣♣♣.....♣♣≈....§
♣..@≈...).≈.♣♣♣.....
♣♣≈≈..§≈.........§♣.
♣.......).†.≈≈.≈♣♣[
♣♣≈.§♣..♣<÷÷)≈≈..≈♣♣
♣.≈≈...≈≈)≈≈..≈...≈≈
♣≈≈≈...≈≈≈§§≈≈≈....≈
♣♣..≈♣.......≈≈..≈.≈
♣♣♣♣...≈♣≈≈≈..♣....
♣≈♣♣≈...♣♣...≈.§≈≈.


You could see a titanic slime creature, a slime creature and a blink frog.

Vanquished Creatures
  Gastronok (Lair:2)
  2 tengu reavers (D:12)
  Kirke (Swamp:2)
  A fire giant (D:12)
  The ghost of jyrma the Warrior, a powerful MiBe of Trog (Orc:4)
  Aizul (Snake:1)
  2 orc warlords (Orc:4)
  Snorg (Lair:6)
  8 vault guards (D:13)
  The ghost of FIQ the Fighter, a powerful DsCK of Xom (Lair:1)
  A naga warrior (Snake:1)
  5 anacondas
  13 hydras
  An ogre mage (D:15)
  3 alligators
  3 catoblepae
  5 death yaks
  2 shock serpents (Snake:1)
  3 centaur warriors
  4 naga sharpshooters (Snake:1)
  2 tengu warriors (D:15)
  Urug (Lair:2)
  Sonja (D:12)
  3 unseen horrors
  A naga ritualist (Snake:1)
  A swamp dragon (Swamp:1)
  7 hill giants
  A lindwurm (shapeshifter) (D:15)
  An ice statue (D:10)
  A mana viper (Snake:1)
  A harpy (shapeshifter) (D:13)
  The ghost of Azru the Basher, an experienced OgCj of Vehumet (D:7)
  19 ugly things
  2 hornets
  2 manticores
  4 orc knights
  8 cyclopes
  4 orc sorcerers (Orc:4)
  2 griffons
  2 salamanders (Snake:1)
  4 oklob plants (Lair:8)
  13 black mambas
  20 elephants
  2 naga magi (Snake:1)
  2 centaur zombies
  3 torpor snails
  3 gargoyles
  13 komodo dragons
  3 yaktaurs (D:15)
  A kobold demonologist (D:14)
  14 spiny frogs
  2 spriggan druids
  3 fire drakes
  7 polar bears
  A wind drake (shapeshifter) (D:15)
  Grinder (D:3)
  5 trolls
  4 giant leeches
  3 bog bodies
  5 two-headed ogres
  16 blink frogs
  11 slime creatures
  A redback (shapeshifter) (D:15)
  3 water elementals
  4 redbacks (Lair:8)
  3 wyverns
  A basilisk (Lair:4)
  16 spriggans
  3 wraiths
  2 shadows (D:15)
  11 vampire mosquitoes
  A deep elf mage (D:13)
  35 yaks
  16 hippogriffs
  3 hogs (Swamp:2)
  A mottled dragon (D:14)
  18 swamp worms
  2 hungry ghosts
  31 wolves
  7 wargs
  Edmund (D:5)
  2 soldier ants
  7 porcupines
  10 nagas
  18 insubstantial wisps
  The ghost of fneyf the Magician, an average DEIE (D:3)
  4 swamp drakes
  17 water moccasins
  Duvessa (D:5)
  41 orc warriors
  6 black bears
  An ice beast (D:9)
  17 ogres
  3 boggarts (D:15)
  A phantom (D:8)
  2 sky beasts
  A necrophage (D:13)
  6 wasps
  An eye of draining (D:14)
  6 crocodiles
  2 brain worms
  5 centaurs
  5 big kobolds
  14 giant frogs
  A gnoll sergeant (D:13)
  2 wyvern skeletons
  Dowan (D:5)
  5 scorpions
  37 killer bees
  12 wights
  6 hounds
  11 electric eels
  5 crimson imps
  34 orc wizards
  7 jellies
  A wyvern simulacrum (D:15)
  4 centaur skeletons
  31 orc priests
  3 iguanas
  Terence (D:2)
  Natasha (thrice) (D:3)
  3 giant frog skeletons
  10 worker ants
  A killer bee zombie (D:7)
  32 sheep
  2 hound zombies (D:11)
  3 worker ant zombies
  Robin (D:3)
  6 gnolls
  11 adders
  72 river rats
  2 shadow imps
  An adder zombie (D:9)
  8 oozes
  7 worms
  An adder skeleton (D:6)
  3 giant geckos
  215 orcs
  3 ball pythons
  6 giant cockroaches
  31 goblins
  27 hobgoblins
  22 jackals
  32 kobolds
  3 quokkas
  11 bats
  A giant cockroach zombie (D:5)
  5 giant newts
  10 rats
  10 fungi
  11 plants
1303 creatures vanquished.

Vanquished Creatures (collateral kills)
  A shadow dragon (D:12)
  An orc warrior (Orc:4)
  An orc (Orc:4)
3 creatures vanquished.

Vanquished Creatures (others)
  A spriggan druid (Swamp:3)
  A merfolk (Orc:4)
  2 spriggans (Swamp:3)
  A human (Swamp:2)
  A swamp drake (Swamp:3)
  2 kobolds (D:12)
  13 fungi
  8 plants
29 creatures vanquished.

Grand Total: 1335 creatures vanquished

Notes
Turn   | Place    | Note
--------------------------------------------------------------
     0 | D:1      | Monkaria the Deep Dwarf Berserker began the quest for the Orb.
     0 | D:1      | Reached XP level 1. HP: 20/20 MP: 1/1
   129 | D:1      | Reached XP level 2. HP: 16/28 MP: 2/2
   747 | D:2      | Reached XP level 3. HP: 18/36 MP: 3/3
   830 | D:2      | Acquired Trog's second power
   840 | D:2      | Found a glowing golden altar of the Shining One.
  1001 | D:2      | Noticed Terence
  1017 | D:2      | Killed Terence
  1017 | D:2      | Reached skill level 4 in Fighting
  1102 | D:2      | Reached XP level 4. HP: 14/45 MP: 4/4
  1383 | D:3      | Noticed Grinder
  1398 | D:3      | Killed Grinder
  1398 | D:3      | Reached skill level 6 in Axes
  1398 | D:3      | Reached XP level 5. HP: 22/51 MP: 4/4
  1398 | D:3      | Reached XP level 6. HP: 25/58 MP: 5/5
  1525 | D:3      | Found an iron altar of Okawaru.
  1530 | D:3      | Noticed fneyf's ghost (average DEIE)
  1553 | D:3      | Killed fneyf's ghost
  1553 | D:3      | Reached skill level 7 in Axes
  1799 | D:3      | Found a faded altar to an unknown god.
  1847 | D:3      | Found a blossoming altar of Fedhas.
  1935 | D:3      | Noticed Natasha
  1945 | D:3      | Killed Natasha
  1945 | D:3      | Reached XP level 7. HP: 25/66 MP: 6/6
  1994 | D:3      | Noticed Robin
  2005 | D:3      | Killed Robin
  2220 | D:3      | Noticed Natasha
  2233 | D:3      | Killed Natasha
  2233 | D:3      | Reached skill level 8 in Axes
  2406 | D:3      | Noticed Natasha
  2415 | D:3      | Killed Natasha
  2954 | D:4      | Received a gift from Trog
  2976 | D:4      | Reached skill level 9 in Axes
  3139 | D:5      | Entered Level 5 of the Dungeon
  3352 | D:5      | Noticed Edmund
  3368 | D:5      | Killed Edmund
  3368 | D:5      | Reached skill level 10 in Axes
  3368 | D:5      | Reached XP level 8. HP: 41/73 MP: 7/7
  3854 | D:5      | Noticed Dowan
  3863 | D:5      | Noticed Duvessa
  3890 | D:5      | Killed Dowan
  3925 | D:5      | Acquired Trog's third power
  3933 | D:5      | Killed Duvessa
  4274 | D:5      | Noticed a hill giant
  4283 | D:5      | Reached skill level 5 in Armour
  4290 | D:5      | Killed a hill giant
  4349 | D:5      | Found a shimmering altar of Xom.
  4350 | D:5      | Found a burning altar of Makhleb.
  4644 | D:6      | Gained mutation: You passively map the area around you. [Deep Dwarf growth]
  4644 | D:6      | Reached XP level 9. HP: 59/79 MP: 8/8
  5458 | D:7      | Reached skill level 10 in Armour
  5516 | D:7      | Noticed Azru's ghost (experienced OgCj)
  5583 | D:7      | Killed Azru's ghost
  5583 | D:7      | Reached skill level 11 in Armour
  5669 | D:7      | Found a staircase to the Ecumenical Temple.
  5672 | D:7      | Found a glowing silver altar of Zin.
  5767 | D:7      | Got a glittering bronze amulet
  5922 | D:7      | Found a snail-covered altar of Cheibriados.
  5982 | Temple   | Entered the Ecumenical Temple
  6196 | D:7      | Identified the amulet of Ocosun {+Rage rPois rF+ Str+3} (You found it on level 7 of the Dungeon)
  6227 | D:8      | Found a shattered altar of Ashenzari.
  6462 | D:8      | Reached XP level 10. HP: 50/87 MP: 8/8
  6562 | D:8      | Reached skill level 12 in Armour
  7265 | D:8      | Reached skill level 13 in Armour
  7703 | D:9      | Found a glowing golden altar of the Shining One.
  7759 | D:9      | Found a sacrificial altar of Ru.
  8135 | D:10     | Entered Level 10 of the Dungeon
  8494 | D:10     | Killed an unseen horror
  8579 | D:10     | Noticed an ice statue
  8620 | D:10     | Killed an ice statue
  8620 | D:10     | Reached XP level 11. HP: 55/93 MP: 7/7
  8825 | D:10     | Found a staircase to the Lair.
  8893 | Lair:1   | Entered Level 1 of the Lair of Beasts
  8969 | Lair:1   | Noticed FIQ's ghost (powerful DsCK)
  8999 | Lair:1   | Killed FIQ's ghost
  9153 | Lair:1   | Identified a +2 rod of inaccuracy (14/14) (You found it on level 1 of the Lair of Beasts)
  9281 | Lair:1   | Reached skill level 14 in Axes
  9687 | Lair:1   | Reached skill level 15 in Axes
 10011 | Lair:2   | Noticed Gastronok
 10027 | Lair:2   | Killed Gastronok
 10360 | Lair:2   | Noticed Urug
 10384 | Lair:2   | Reached XP level 12. HP: 100/100 MP: 8/8
 10389 | Lair:2   | Killed Urug
 10727 | Lair:2   | Reached skill level 16 in Axes
 10837 | Lair:3   | Reached skill level 1 in Evocations
 11006 | Lair:3   | Found a runed door.
 11121 | Lair:3   | Noticed a four-headed hydra
 11130 | Lair:3   | Killed a four-headed hydra
 11130 | Lair:3   | Reached skill level 5 in Evocations
 11350 | Lair:3   | Found a staircase to the Swamp.
 11525 | Lair:3   | Noticed a catoblepas
 11542 | Lair:3   | Killed a catoblepas
 11642 | Lair:3   | Noticed a five-headed hydra
 12100 | Lair:4   | Reached skill level 5 in Dodging
 12247 | Lair:4   | Noticed a five-headed hydra
 12266 | Lair:4   | Killed a five-headed hydra
 12480 | Lair:4   | Reached XP level 13. HP: 38/106 MP: 15/15
 12509 | Lair:4   | Noticed a six-headed hydra
 12532 | Lair:4   | Killed a six-headed hydra
 12557 | Lair:4   | Reached skill level 10 in Dodging
 13598 | Lair:5   | Reached skill level 5 in Fighting
 14139 | Lair:5   | You fall through a shaft for 2 floors!
 14201 | Lair:7   | Upgraded the game from 0.17-a0-1582-ge6b0260 to 0.17-a0-1591-g7a45446
 14813 | Lair:6   | Noticed Snorg
 14823 | Lair:6   | Killed Snorg
 15034 | Lair:6   | Found a staircase to the Snake Pit.
 15186 | Lair:6   | Gained mutation: You are frail (-10% HP). [potion of mutation]
 15186 | Lair:6   | Gained mutation: Your muscles are strong. (Str +2) [potion of mutation]
 15186 | Lair:6   | Gained mutation: You are very frail (-20% HP). [potion of mutation]
 15370 | Lair:6   | Gained mutation: You resist negative energy. [Deep Dwarf growth]
 15370 | Lair:6   | Reached XP level 14. HP: 42/103 MP: 14/14
 15762 | Lair:7   | You fall through a shaft!
 15762 | Lair:8   | Entered Level 8 of the Lair of Beasts
 15806 | Lair:8   | Reached skill level 10 in Fighting
 16302 | Lair:8   | Found a viscous altar of Jiyva.
 16303 | Lair:8   | Found a staircase to the Slime Pits.
 17295 | Lair:8   | Received a gift from Trog
 17475 | Lair:8   | Reached skill level 1 in Throwing
 17492 | Lair:8   | Gained mutation: You are extremely frail (-30% HP). [potion of mutation]
 17492 | Lair:8   | Gained mutation: You are resistant to electric shocks. [potion of mutation]
 18240 | D:11     | Reached skill level 5 in Throwing
 19227 | D:12     | Received a gift from Trog
 19252 | D:12     | Noticed a shadow dragon
 19252 | D:12     | Noticed a tengu reaver
 19256 | D:12     | Noticed a fire giant
 19257 | D:12     | Noticed a tengu reaver
 19273 | D:12     | Killed a shadow dragon
 19275 | D:12     | Killed a tengu reaver
 19275 | D:12     | Reached XP level 15. HP: 75/98 MP: 12/14
 19283 | D:12     | Killed a fire giant
 19299 | D:12     | Killed a tengu reaver
 19299 | D:12     | Reached skill level 10 in Evocations
 19455 | D:12     | Noticed Sonja
 19508 | D:12     | Killed Sonja
 19586 | D:12     | Received a gift from Trog
 19652 | D:12     | Found a staircase to the Orcish Mines.
 19787 | D:12     | Reached skill level 1 in Shields
 20139 | D:12     | Received a gift from Trog
 20400 | Lair:1   | Identified a scroll of acquirement
 20487 | Orc:1    | Entered Level 1 of the Orcish Mines
 20672 | Orc:1    | Received a gift from Trog
 20917 | Orc:2    | Received a gift from Trog
 21096 | Orc:2    | Found Fejemiw's Gadget Shoppe.
 21739 | Orc:3    | Found Sewutuhi's Weapon Shop.
 21847 | Orc:3    | Found a staircase to the Elven Halls.
 22216 | Orc:4    | Entered Level 4 of the Orcish Mines
 22240 | Orc:4    | Received a gift from Trog
 22432 | Orc:4    | Found a roughly hewn altar of Beogh.
 22485 | Orc:4    | Received a gift from Trog
 22573 | Orc:4    | Noticed jyrma's ghost (powerful MiBe)
 22624 | Orc:4    | HP: 6/147 [orc warrior/glaive[an orc warlord] (13)]
 22726 | Orc:4    | Received a gift from Trog
 22762 | Orc:4    | Killed jyrma's ghost
 22834 | Orc:4    | Found a roughly hewn altar of Beogh.
 22836 | Orc:4    | Found Kujaust's Food Boutique.
 22942 | Orc:4    | Hired Qedufogh the merfolk for 287 gold.
 22953 | Orc:4    | Your ally Qedufogh died
 22955 | Orc:4    | Received a gift from Trog
 22986 | Orc:4    | Found Dyehi's Antique Armour Emporium.
 22987 | Orc:4    | Found a roughly hewn altar of Beogh.
 22988 | Orc:4    | Found Nank's Antique Weapon Shoppe.
 23037 | Orc:4    | Found a roughly hewn altar of Beogh.
 23131 | Orc:4    | Found a roughly hewn altar of Beogh.
 23316 | Orc:4    | Found a roughly hewn altar of Beogh.
 23349 | Orc:4    | Found a roughly hewn altar of Beogh.
 23350 | Orc:4    | Found Irytew Ese's Distillery.
 23361 | Orc:4    | Received a gift from Trog
 23374 | Orc:4    | Bought a potion of flight for 51 gold pieces
 23374 | Orc:4    | Bought a potion of heal wounds for 85 gold pieces
 23374 | Orc:4    | Bought a potion of heal wounds for 85 gold pieces
 23374 | Orc:4    | Bought a potion of curing for 51 gold pieces
 23374 | Orc:4    | Bought a potion of heal wounds for 85 gold pieces
 23377 | Orc:4    | Bought a potion of mutation for 42 gold pieces
 23377 | Orc:4    | Gained mutation: You have a pair of small horns on your head. [potion of mutation]
 23377 | Orc:4    | Gained mutation: You can breathe flames. [potion of mutation]
 23377 | Orc:4    | Gained mutation: Your skin changes colour to match your surroundings (Stealth). [potion of mutation]
 23430 | Orc:4    | Found a roughly hewn altar of Beogh.
 23770 | Snake:1  | Entered Level 1 of the Snake Pit
 23877 | Snake:1  | Got a pair of polished boots
 23888 | Snake:1  | Identified the cursed +0 pair of boots of Winter {rN+} (You found it on level 1 of the Snake Pit)
 24147 | Snake:1  | Noticed Aizul
 24375 | Snake:1  | Received a gift from Trog
 24499 | Snake:1  | Killed Aizul
 24519 | Snake:1  | Lost mutation: You can breathe flames. [mutagenic meat]
 24520 | Snake:1  | Gained mutation: Armour fits poorly on your strangely shaped body. [mutagenic meat]
 24522 | Snake:1  | Gained mutation: You can spit weak poison. [mutagenic meat]
 24523 | Snake:1  | Gained mutation: Your spells are a little easier to cast, but a little less powerful. [mutagenic meat]
 24524 | Snake:1  | Gained mutation: You are partially covered in yellow scales (AC +2). [mutagenic meat]
 25042 | Orc:4    | Bought a glowing battleaxe for 208 gold pieces
 25238 | Lair:1   | Upgraded the game from 0.17-a0-1591-g7a45446 to 0.17-a0-1596-g1e86911
 25716 | D:13     | Reached XP level 16. HP: 105/105 MP: 12/12
 25785 | D:13     | Reached skill level 17 in Axes
 25850 | D:13     | Found a gate to the Vaults.
 26119 | D:13     | Received a gift from Trog
 26240 | D:13     | You fall through a shaft for 2 floors!
 26240 | D:15     | Entered Level 15 of the Dungeon
 26240 | D:15     | Found a white marble altar of Elyvilon.
 26381 | D:15     | Found a shadowy altar of Dithmenos.
 26553 | D:15     | Reached skill level 18 in Axes
 26655 | D:15     | Lost mutation: You have a pair of small horns on your head. [mutagenic meat]
 26795 | D:15     | Gained mutation: Your magical capacity is low (-10% MP). [mutagenic meat]
 26797 | D:15     | Gained mutation: You occasionally shout uncontrollably at your foes. [mutagenic meat]
 26800 | D:15     | Lost mutation: You occasionally shout uncontrollably at your foes. [mutagenic meat]
 26857 | D:15     | Found Gucrad's Jewellery Boutique.
 27188 | D:15     | Lost mutation: You are partially covered in yellow scales (AC +2). [mutagenic meat]
 27189 | D:15     | Gained mutation: You are dopey. (Int -2) [mutagenic meat]
 27190 | D:15     | Lost mutation: Your magical capacity is low (-10% MP). [mutagenic meat]
 27191 | D:15     | Lost mutation: You are extremely frail (-30% HP). [mutagenic meat]
 27538 | D:15     | Received a gift from Trog
 27634 | D:15     | Found a staircase to the Depths.
 27814 | D:14     | Found Yhyfik's Armour Shoppe.
 27982 | D:14     | Gained mutation: Scrolls take you a little longer to read. [mutagenic meat]
 27983 | D:14     | Gained mutation: You have a somewhat thin skeletal structure (Dex +2, Stealth). [mutagenic meat]
 28000 | D:14     | Received a gift from Trog
 28000 | D:14     | Reached skill level 19 in Axes
 28070 | D:14     | Lost mutation: Armour fits poorly on your strangely shaped body. [mutagenic meat]
 28071 | D:14     | Lost mutation: Your muscles are strong. (Str +2) [mutagenic meat]
 28102 | D:14     | Found Bepewe's Distillery.
 28120 | D:14     | Bought a potion of mutation for 35 gold pieces
 28120 | D:14     | Gained mutation: Your skin blends seamlessly with your surroundings (Stealth). [potion of mutation]
 28120 | D:14     | Gained mutation: You are covered in fur (AC +1). [potion of mutation]
 28121 | D:14     | Bought a potion of ambrosia for 112 gold pieces
 28199 | D:14     | Found Nenunweyc's Weapon Emporium.
 28257 | D:14     | You fall through a shaft!
 28362 | D:14     | Found Lyonir's Magic Scroll Shoppe.
 28378 | D:14     | Bought a scroll of identify for 28 gold pieces
 28763 | D:13     | Gained mutation: You are weak. (Str -2) [mutagenic meat]
 29258 | Swamp:1  | Entered Level 1 of the Swamp
 30320 | Swamp:2  | Received a gift from Trog
 30328 | Swamp:2  | Reached skill level 20 in Axes
 30558 | Swamp:2  | Noticed Kirke
 30573 | Swamp:2  | Killed Kirke
 30655 | Swamp:2  | Reached XP level 17. HP: 55/125 MP: 8/8
 30961 | Swamp:2  | You fall through a shaft!
 31067 | Swamp:3  | Received a gift from Trog
 31228 | Swamp:3  | Reached skill level 15 in Armour
 31305 | Swamp:3  | Annihilated by a titanic slime creature

Vault maps used:
D:1:      kilobyte_arrival_exit_the_forest
D:2:      lemuel_round_altar, first_bread, uniq_terence
D:3:      kennysheep_goblin_castle, okawaru_ov_weapons_minmay,
          ecumenical_altar_1, minmay_misc_feat_iff, fedhas_altar_fruit_tree,
          uniq_grinder, uniq_natasha
D:5:      wad_river_or_something, grunt_temple_overflow_champion_of_chaos,
          guppyfry_early_lair_pool, uniq_duvessa, uniq_edmund
D:7:      overflow_temple_1_default, slow_altar_2,
          minmay_temple_entry_enclosed_plants, kennysheep_generic_room_12
D:8:      hangedman_little_slice_of_home, nicolae_ashenzari_panopticon
D:9:      nicolae_ru_sacrificial_ziggurat, minivault_14,
          nicolae_tso_swordbearing_angel
D:10:     dpeg_oklobed_lair, minivault_16, minmay_misc_feat_more_columns
D:12:     cross_vault, david_orc_2, uniq_sonja
D:13:     erik_vaults_2
D:14:     serial_shops, nicolae_shop_statue_plus, shop_fountains, shop,
          nicolae_shop_competitors_out_of_business, hangedman_decor_opposing,
          spider_trap
D:15:     gammafunk_enter_depths_forms, grunt_dithmenos_shadows, serial_shops,
          shop, basic_altar, water_boxes_lemuel
Temple:   eino_temple_water_12
Lair:1:   infiniplex_staircase_pool
Lair:2:   uniq_urug, uniq_gastronok
Lair:3:   swamp_mist, pf_torpor_hydra
Lair:4:   beast_lair_carwin_large_4
Lair:5:   beast_lair_carwin_large_2, lemuel_fruit_tree
Lair:6:   minmay_snake_entry_guardpost_small, serial_bayou_shore_a, uniq_snorg
Lair:8:   minmay_lair_end_enchanted_forest, slime_altar_1, dpeg_oklob_1
Swamp:1:  evilmike_swamp_ruin_house_1
Swamp:2:  hangedman_swamp_diagram, uniq_kirke
Swamp:3:  evilmike_swamp_ruin_house_4, swamp_pool4
Snake:1:  grunt_megastairs_2, uniq_aizul
Orc:2:    serial_shops, shop
Orc:3:    serial_shops, shop, nicolae_orc_pool_cavern
Orc:4:    grunt_orc_community_town_hall, grunt_orc_community_big_house_2,
          grunt_orc_community_big_house_1, grunt_orc_community_house_1,
          grunt_orc_community_house_3, grunt_orc_community_house_1,
          grunt_orc_community_house_3, grunt_orc_community_house_1,
          grunt_orc_community_house_1

Action                   |  1- 3 |  4- 6 |  7- 9 | 10-12 | 13-15 | 16-18 || total
-------------------------+-------+-------+-------+-------+-------+-------++-------
Melee: Hand axe          |   133 |   127 |   608 |  1050 |   161 |       ||  2079
       War axe           |       |       |       |       |   895 |       ||   895
       Battleaxe         |       |       |       |       |   548 |   439 ||   987
       Falchion          |       |       |       |       |    62 |   614 ||   676
Throw: Tomahawk          |       |       |     8 |     8 |       |       ||    16
       Javelin           |       |       |       |     4 |    22 |     6 ||    32
Invok: Berserk           |     1 |     3 |    18 |    27 |    32 |     3 ||    84
       Trog's Hand       |       |     4 |    13 |    38 |    53 |    17 ||   125
       Brothers in Arms  |       |       |       |       |     2 |       ||     2
 Abil: Device Recharging |       |     1 |     1 |     2 |     8 |     6 ||    18
       Evoke Berserk Rag |       |       |       |     4 |       |       ||     4
Evoke: Wand              |     4 |     4 |     3 |    21 |    31 |    19 ||    82
       Rod               |       |       |       |     9 |    63 |     2 ||    74
       Deck              |       |       |       |       |     1 |       ||     1
       Fan of gales      |       |       |       |       |     1 |       ||     1
  Use: Scroll            |       |     3 |     5 |    24 |    10 |     2 ||    44
       Potion            |       |       |       |       |     4 |     7 ||    11
 Stab: Sleeping          |     2 |     2 |     2 |     1 |     2 |     5 ||    14
       Confused          |       |       |       |     1 |       |       ||     1
       Invisible         |       |       |       |       |     6 |       ||     6
       Distracted        |       |       |       |       |     1 |     1 ||     2
  Eat: Chunk             |     1 |     7 |    46 |    49 |    90 |    96 ||   289
       Pizza             |       |       |       |     2 |     1 |       ||     3
       Royal jelly       |       |       |       |     1 |     1 |       ||     2
       Beef jerky        |       |       |       |     1 |     1 |       ||     2
       Bread ration      |       |       |       |       |     4 |       ||     4
       Fruit             |       |       |       |       |     1 |       ||     1
       Meat ration       |       |       |       |       |       |     2 ||     2
